 Dungeon Crawl Stone Soup version 0.27.0-1-g7a089689b8 (webtiles) character file.

Game seed: 3003562703775114910

141 kukildenkimon the Sneak (level 5, 0/33 HPs)
             Began as an Octopode Arcane Marksman on Aug 10, 2021.
             Slain by an orc wizard (2 damage)
             ... on level 3 of the Dungeon.
             The game lasted 00:48:29 (2283 turns).

kukildenkimon the Sneak (Octopode Arcane Marksman)  Turns: 2283, Time: 00:48:30

Health: 0/33       AC:  1    Str: 10    XL:     5   Next: 24%
Magic:  0/6        EV: 13    Int: 16    God:
Gold:   74         SH:  0    Dex: 12    Spells: 2/6 levels left

rFire    . . .     SeeInvis .   w - +2 dagger (freeze)
rCold    . . .     Faith    .   (no shield)
rNeg     . . .     Spirit   +   (helmet restricted)
rPois    .         Reflect  .   y - amulet of guardian spirit
rElec    .         Harm     .   f - ring of resist corrosion
rCorr    +         Rampage  .   (no ring)
Will     .....                  (no ring)
Stlth    ++++......             (no ring)
HPRegen  0.11/turn              (no ring)
MPRegen  0.10/turn              (no ring)
                                (no ring)
                                (no ring)

@: brilliant, hasted, very quick
A: almost no armour, amphibious, 8 rings, camouflage 1, gelatinous body 1,
(nimble swimmer 1), tentacles
a: no special abilities


You were on level 3 of the Dungeon.
You visited 1 branch of the dungeon, and saw 4 of its levels.

You collected 74 gold pieces.

Inventory:

Hand Weapons
 a - a +0 hand crossbow
 b - a +0 spear
 v - a +0 flail
 w - a +2 dagger of freezing (weapon)
Missiles
 c - 4 bolts
 h - 44 stones (quivered)
 p - 25 arrows
Jewellery
 f - a ring of resist corrosion (left tentacle)
 y - an amulet of guardian spirit (around mantle)
Scrolls
 d - a scroll of holy word {unknown}
Potions
 z - a potion of cancellation {unknown}
 A - a potion of haste


   Skills:
 - Level 1.0 Fighting
 + Level 1.4 Short Blades
 + Level 3.7 Crossbows
 - Level 2.0 Dodging
 * Level 4.3 Stealth
 - Level 1.0 Spellcasting
 - Level 3.0 Hexes


You had 2 spell levels left.
You knew the following spells:

 Your Spells              Type           Power      Damage    Failure   Level
a - Corona                Hex            16%        N/A       7%          1
b - Inner Flame           Hex/Fire       8%         N/A       36%         3

Your spell library contained the following spells:

 Spells                   Type           Power      Damage    Failure   Level
 Slow                     Hex            15%        N/A       10%         2
 Sandblast                Erth           2%         2d4       22%         1
 Summon Small Mammal      Summ           4%         N/A       22%         1
 Passwall                 Tmut/Erth      0%         N/A       34%         2
 Portal Projectile        Hex/Tloc       16%        N/A       36%         3
 Summon Guardian Golem    Hex/Summ       8%         N/A       36%         3
 Cause Fear               Hex            7%         N/A       54%         4
 Call Canine Familiar     Summ           1%         N/A       56%         3
 Swiftness                Air            1%         N/A       56%         3
 Lee's Rapid Deconstruct  Erth           0%         3d5*      99%         5
 Invisibility             Hex            7%         N/A       100%        6


Dungeon Overview and Level Annotations

Branches:
Dungeon (4/15)
 Temple: D:4-7

Altars:


Innate Abilities, Weirdness & Mutations

You cannot wear most types of armour.
You are amphibious.
You can wear up to eight rings at the same time.
Your skin changes colour to match your surroundings (Stealth+).
Your rubbery body absorbs attacks. (AC +1, EV +1)
((You are camouflaged near water. (Stealth+)))
You have tentacles for arms and can constrict up to eight enemies at once.


Message History

The orc misses you. The orc wizard misses you. The orc closely misses you.
You're too confused to move!
The orc completely misses you.
The orc wizard hits you with a +0 dagger.
* * * LOW HITPOINT WARNING * * *
You hit the orc wizard. You freeze the orc wizard. You squeeze the orc wizard.
The orc wizard is heavily wounded.
You feel less confused. The orc closely misses you. The orc barely misses you.
The orc completely misses you. The orc closely misses you.
The orc wizard gestures at you while chanting.
You are confused.
There is a stone staircase leading up here.
The orc wizard casts a spell.
The orc wizard flickers and vanishes!
The orc hits you from afar with a +0 trident.
* * * LOW HITPOINT WARNING * * *
In your confused state, you trip and fall back down the stairs.
* * * LOW HITPOINT WARNING * * *
The orc closely misses you. Something hits you.
It was a potion of haste.
You feel yourself speed up. The orc closely misses you. Something hits you.
* * * LOW HITPOINT WARNING * * *
You hear some strange, mumbled words.
Something tries to affect you, but you resist.
The orc misses you. x2; Something hits you but does no damage.
In your confused state, you trip and fall back down the stairs.
The orc misses you.
You can't go down here!
You feel less confused. Something completely misses you.
The orc closely misses you. Something completely misses you.
You climb upwards.
Reactivating autopickup.
Found a scroll labelled GUOCHI LE TUUTZ.
There is a stone staircase leading down here.
A rat and an orc come into view.
Something hits you.
You die...

.. . ..
r###o ..#.
. .# #...#
#....
.##...##.#
.. .......#
#..
......##.#
#.......#
#.?.....###
#.@........
#........#
#..>.....#
######...#
..# .. .


You could see an orc (asleep) and a rat (asleep).

Vanquished Creatures
  Terence (D:2)
  An orc wizard (D:4)
  A hound skeleton (D:4)
  An adder (D:4)
  A worm (D:2)
  2 dart slugs
  6 ball pythons
  7 endoplasms
  6 giant cockroaches
  7 goblins
  2 hobgoblins
  4 jackals (D:1)
  4 kobolds (D:1)
  A quokka (D:2)
  7 bats
  A frilled lizard (D:1)
  4 rats
56 creatures vanquished.

Vanquished Creatures (others)
  2 withered plants (D:2)
2 creatures vanquished.

Grand Total: 58 creatures vanquished

Notes
Turn   | Place    | Note
-------+----------+-------------------------------------------
     0 | D:1      | kukildenkimon the Octopode Arcane Marksman began the quest
                  | for the Orb.
     0 | D:1      | Reached XP level 1. HP: 13/13 MP: 2/2
    78 | D:1      | Reached skill level 1 in Stealth
   110 | D:1      | Reached XP level 2. HP: 17/18 MP: 3/3
   228 | D:1      | Reached skill level 2 in Stealth
   310 | D:1      | Reached XP level 3. HP: 23/23 MP: 4/4
  1058 | D:2      | Learned a level 3 spell: Inner Flame
  1246 | D:2      | Reached XP level 4. HP: 28/28 MP: 5/5
  1297 | D:2      | Found a faded altar of an unknown god.
  1443 | D:2      | Reached skill level 3 in Stealth
  1470 | D:2      | Noticed Terence
  1482 | D:2      | Killed Terence
  2127 | D:3      | Reached skill level 1 in Short Blades
  2138 | D:3      | You fall into a shaft and drop 1 floor!
  2159 | D:4      | Reached skill level 4 in Stealth
  2168 | D:4      | Reached XP level 5. HP: 31/33 MP: 6/6
  2277 | D:4      | HP: 1/33 [something (4)]
  2283 | D:3      | Slain by an orc wizard

Illustrated notes

Levels and vault maps discovered:
D:1:      heliophobic_arrival_ceremonial_halls, layout_loops_cross
D:2:      layout_basic, ebering_ecumenical_altar_petrified, kennysheep_potato,
          uniq_terence
D:3:      layout_basic, serial_curves, eino_curves_03, eino_curves_04,
          minmay_misc_feat_cross, minmay_vboxes
D:4:      layout_basic

Skill      XL: |  1  2  3  4 |
---------------+-------------+-----
Stealth        | 1 2 4 |  4.3
Crossbows      | 3 |  3.7
Short Blades   | 1 |  1.4
Fighting       | |  1.0
Dodging        | |  2.0
Spellcasting   | |  1.0
Hexes          | |  3.0

Action                   |  1- 3 |  4- 6 || total
-------------------------+-------+-------++-------
Melee: Dagger            |     8 |    22 ||    30
       Tentacles         |     2 |     6 ||     8
       Constrict         |     1 |     4 ||     5
 Fire: Hand crossbow     |    83 |    28 ||   111
 Cast: Corona            |     2 |       ||     2
  Use: Scroll            |     2 |     1 ||     3
       Potion            |       |     4 ||     4
 Stab: Sleeping          |       |     1 ||     1
Armor: Skin              |     2 |     5 ||     7
Dodge: Dodged            |    14 |    41 ||    55
